 Dungeon Crawl Stone Soup version 0.28-a0-973-ga7f8b01127 (webtiles) character file.

Game seed: 9093008893566824599

4166 vurker the Zephyrmancer (level 9, -3/74 HPs)
             Began as a Demigod Air Elementalist on Dec 1, 2021.
             Killed from afar by Maurice (12 damage)
             ... with an iceblast
             ... on level 9 of the Dungeon.
             The game lasted 00:08:02 (8384 turns).

vurker the Zephyrmancer (Demigod Air Elementalist)  Turns: 8384, Time: 00:08:03

Health: -3/74      AC:  4    Str:  4    XL:     9   Next: 80%
Magic:  1/33       EV: 16    Int: 29    God:
Gold:   221        SH:  0    Dex: 14    Spells: 16/23 levels left

rFire   . . .      SeeInvis +   r - +11 flail "Tizeitz" {pain, rN+ Will+ MP+9 Str-5}
rCold   . . .      Faith    .   (no shield)
rNeg    + + .      Spirit   .   m - +2 robe {rN+}
rPois   .          Reflect  .   (no helmet)
rElec   .          Harm     .   (no cloak)
rCorr   .          Rampage  .   (no gloves)
Will    +....                   (no boots)
Stlth   ++........              (no amulet)
HPRegen 0.22/turn               h - +4 ring of evasion
MPRegen 0.23/turn               n - ring of see invisible

@: no status effects
A: high mp 1, forlorn, divine attributes
a: no special abilities


You were on level 9 of the Dungeon.
You visited 1 branch of the dungeon, and saw 7 of its levels.

You collected 273 gold pieces.
You spent 52 gold pieces at shops.

Inventory:

Hand Weapons
 f - a +0 vorpal dagger
   (You took it off a goblin on level 2 of the Dungeon)
 r - the +11 flail "Tizeitz" (weapon) {pain, rN+ Will+ MP+9 Str-5}
   (You found it on level 5 of the Dungeon)

   In the hands of one skilled in necromantic magic, it inflicts extra damage on
   living creatures.
   Str:       It affects your strength (-5).
   rN:        It protects you from negative energy.
   MP:        It affects your magic capacity (+9).
   Will:      It increases your willpower.
Armour
 m - a +2 robe of positive energy (worn)
   (You took it off Dowan on level 6 of the Dungeon)
Jewellery
 h - a +4 ring of evasion (left hand)
   (You found it on level 2 of the Dungeon)
 n - a ring of see invisible (right hand)
   (You found it on level 3 of the Dungeon)
Wands
 v - a wand of digging (3)
   (You found it on level 4 of the Dungeon)
Scrolls
 a - a scroll of teleportation
 l - a scroll of immolation
 o - a scroll of blinking
Potions
 b - a potion of magic {unknown}
 c - 2 potions of degeneration {unknown}
 d - a potion of brilliance {unknown}
 e - 2 potions of curing {unknown}
 g - a potion of heal wounds {unknown}
 i - 2 potions of haste {unknown}
 j - a potion of lignification {unknown}
 k - a potion of attraction {unknown}
 p - 3 potions of ambrosia {unknown}
 q - a potion of might {unknown}
 u - a potion of flight {unknown}


   Skills:
 + Level 5.4 Fighting
 - Level 1.7 Dodging
 - Level 1.7 Stealth
 * Level 7.5 Spellcasting
 - Level 3.0 Conjurations
 - Level 3.0 Necromancy
 * Level 8.6 Air Magic


You had 16 spell levels left.
You knew the following spells:

 Your Spells              Type           Power      Damage    Failure   Level
a - Shock                 Conj/Air       100%       1d9       1%          1
c - Airstrike             Air            28%        N/A       1%          4
q - Sublimation of Blood  Necr           28%        N/A       2%          2

Your spell library contained the following spells:

 Spells                   Type           Power      Damage    Failure   Level
 Static Discharge         Conj/Air       44%        N/A       1%          2
 Swiftness                Air            57%        N/A       1%          3
 Wereblood                Tmut           10%        N/A       8%          2
 Dazzling Flash           Conj/Hex       38%        N/A       8%          3
 Ozocubu's Armour         Ice            10%        N/A       14%         3
 Iskenderun's Mystic Bla  Conj/Tloc      19%        2d6       26%         4
 Metabolic Englaciation   Hex/Ice        5%         N/A       80%         5
 Simulacrum               Ice/Necr       9%         N/A       99%         6
 Starburst                Conj/Fire      9%         6d5       99%         6
 Summon Hydra             Summ           5%         N/A       100%        7


Dungeon Overview and Level Annotations

Branches:
Dungeon (6/15)             Temple (0/1) D:5            Lair (0/6) D:9
    Orc (0/2) D:9

Shops:
D:4 *   D:9 [

Annotations:
D:9 Maurice


Innate Abilities, Weirdness & Mutations

You have an increased reservoir of magic. (+10% MP)
You shall have no god before yourself.
Your divine heritage dramatically boosts your attributes as you level up.


Message History

Aim: a yak (severely wounded, 84% to hit)
The zap hits the yak!
The zap hits the yak.
The zap hits Maurice. x2
The yak barely misses you.
Aim: a yak (almost dead, 84% to hit)
The zap hits the yak.
You kill the yak!
The zap hits the yak.
The zap hits Maurice!
The zap hits Maurice.
The zap hits the yak.
The zap misses Maurice.
The zap hits Maurice.
The yak closely misses you.
The zap hits the yak.
The zap hits Maurice.
The yak misses you.
The zap hits the yak!
The zap misses Maurice.
Maurice says, "Very interesting."
Maurice gestures wildly while chanting.
Maurice puts on a burst of speed!
The yak gores you but does no damage.
The zap hits the yak.
The zap hits Maurice!
The yak gores you.
The zap hits the yak.
The zap hits Maurice.
The yak closely misses you. The killer bee zombie hits you.
The zap hits the yak.
The zap hits Maurice.
The zap hits the yak.
The zap hits the yak!
The killer bee zombie hits you.
Maurice casts a spell.
Maurice flickers and vanishes for a moment.
The yak gores you. The killer bee zombie hits you.
You sock the yak!
You kill the yak!
The killer bee zombie closely misses you. x2
Maurice casts a spell.
Maurice blinks!
You sock the yak!
The yak writhes in agony.
The killer bee zombie misses you. x2
The yak gores you!
* * * LOW HITPOINT WARNING * * *
The killer bee zombie barely misses you.
Maurice zaps a wand.
The mass of ice explodes!
The iceblast engulfs the killer bee zombie!
The killer bee zombie partially resists.
The iceblast engulfs you!
* * * LOW HITPOINT WARNING * * *
You sock the killer bee zombie!
The killer bee zombie hits you but does no damage.
The killer bee zombie hits you.
* * * LOW HITPOINT WARNING * * *
The yak gores you!
* * * LOW HITPOINT WARNING * * *
Maurice zaps a wand.
The mass of ice explodes!
The iceblast engulfs the killer bee zombie!
The killer bee zombie partially resists.
The killer bee zombie is destroyed!
The iceblast engulfs you!
You die...

.......Z.......#####......
≈......≈..Y###.# #......
≈...≈≈≈...Y#.>.# #......
≈≈.≈.≈.........#####......
.≈≈≈≈≈....................
≈≈≈≈≈≈@.............#.()).
≈≈≈≈≈≈≈≈≈####.#######.....
≈.≈.≈≈≈≈≈####.#...........
..≈≈≈≈≈≈@YY..#......).)##
>.≈≈≈≈≈≈######.........#
..≈≈≈≈≈≈# #............#
..≈≈≈≈≈≈# #....#####.....
#..≈≈≈.≈..≈≈≈≈≈.# #....#
#..... #...≈≈≈≈.≈≈≈≈≈..#
#....# #.....
#...≈≈≈≈.≈≈≈≈≈..# #....#
#..... #..≈≈≈≈≈.≈≈≈..≈.#
#....# #.....
#..≈≈≈≈≈.≈≈≈≈...###.8..#


You could see Maurice (swift, invisible) and 2 yaks.

Vanquished Creatures
  Pikel (D:4)
  A troll (D:9)
  6 yaks
  Eustachio (D:5)
  Menkaure (D:4)
  Edmund (D:4)
  Duvessa (D:6)
  An ice beast (D:5)
  An ogre (D:3)
  2 orc warriors
  2 necrophages
  A wolf (D:9)
  A centaur (D:5)
  4 lemures (D:4)
  3 scorpions
  Dowan (D:6)
  A water moccasin skeleton (D:6)
  5 electric eels (D:9)
  A jelly (D:5)
  A centaur skeleton (D:6)
  7 orc priests
  A gnoll shaman (D:4)
  9 hounds
  An iguana (D:5)
  5 orc wizards
  A scorpion zombie (D:5)
  A killer bee zombie (D:6)
  A hound skeleton (D:5)
  8 gnolls
  A howler monkey skeleton (D:6)
  9 adders
  A worm (D:4)
  A dart slug (D:4)
  23 orcs
  7 bats
  9 endoplasms
  2 giant cockroaches
  6 goblins
  3 hobgoblins
  7 jackals
  11 kobolds
  4 quokkas
  7 ball pythons
  A frilled lizard (D:3)
  3 rats
165 creatures vanquished.

Vanquished Creatures (others)
  A killer bee zombie (D:9)
1 creature vanquished.

Grand Total: 166 creatures vanquished

Notes
Turn   | Place    | Note
-------+----------+-------------------------------------------
     0 | D:1      | vurker the Demigod Air Elementalist began the quest for the
                  | Orb.
     0 | D:1      | Reached XP level 1. HP: 14/14 MP: 5/5
    45 | D:1      | Reached skill level 1 in Conjurations
   255 | D:1      | Reached skill level 3 in Air Magic
   255 | D:1      | Reached XP level 2. HP: 22/22 MP: 0/7
   989 | D:2      | Reached XP level 3. HP: 27/27 MP: 2/9
  1175 | D:2      | Reached skill level 1 in Fighting
  1832 | D:2      | Reached XP level 4. HP: 30/35 MP: 1/10
  2364 | D:3      | Learned a level 2 spell: Sublimation of Blood
  2369 | D:3      | Learned a level 4 spell: Airstrike
  2566 | D:3      | Reached XP level 5. HP: 39/40 MP: 0/12
  2710 | D:3      | Noticed an ogre
  2726 | D:3      | Killed an ogre
  2727 | D:3      | Reached skill level 1 in Necromancy
  2727 | D:3      | Reached skill level 4 in Air Magic
  2895 | D:3      | Reached XP level 6. HP: 34/48 MP: 2/14
  3350 | D:4      | Noticed Menkaure
  3358 | D:4      | Killed Menkaure
  3711 | D:4      | Noticed Pikel
  3748 | D:4      | Killed Pikel
  3749 | D:4      | Reached skill level 5 in Air Magic
  3749 | D:4      | Reached XP level 7. HP: 31/56 MP: 4/16
  4091 | D:4      | Noticed Edmund
  4113 | D:4      | Killed Edmund
  4294 | D:4      | Found Afohem's CLEARANCE SALE!.
  4593 | D:4      | Reached XP level 8. HP: 49/63 MP: 13/18
  5028 | D:4      | Bought a scroll of blinking for 52 gold pieces
  5056 | D:5      | Entered Level 5 of the Dungeon
  5177 | D:5      | Reached skill level 5 in Spellcasting
  5299 | D:5      | Reached skill level 6 in Air Magic
  5482 | D:5      | Identified the +11 flail "Tizeitz" {pain, rN+ Will+ MP+9
                  | Str-5}
  5904 | D:5      | Found a staircase to the Ecumenical Temple.
  5922 | D:5      | Noticed Eustachio
  5925 | D:5      | Killed Eustachio
  5926 | D:5      | Reached skill level 7 in Air Magic
  6216 | D:5      | Reached XP level 9. HP: 72/72 MP: 10/22
  7470 | D:6      | Noticed Dowan
  7470 | D:6      | Noticed Duvessa
  7480 | D:6      | Killed Duvessa
  7484 | D:6      | Killed Dowan
  7820 | D:6      | You fall into a shaft and drop 3 floors!
  7836 | D:9      | Reached skill level 8 in Air Magic
  7843 | D:9      | Reached skill level 5 in Fighting
  8108 | D:9      | Found Ceras Agi's Armour Shoppe.
  8328 | D:9      | Found a staircase to the Orcish Mines.
  8337 | D:9      | Found a staircase to the Lair.
  8353 | D:9      | Noticed Maurice
  8384 | D:9      | Killed from afar by Maurice

Illustrated notes

Levels and vault maps discovered:
D:1:      wander_arrival_chamber, layout_loops_cross
D:2:      layout_loops_cross, basic_ecumenical_altar, basic_altar
D:3:      layout_loops_ring, jmf_multi_god_temple
D:4:      layout_loops_ring, minitemple, minmay_misc_feat_tiny,
          nicolae_shop_clearance, uniq_pikel, uniq_edmund, uniq_menkaure
D:5:      layout_cave_pods, minmay_temple_entry_antechambers, uniq_eustachio
D:6:      minmay_evil_eye, layout_loops_cross, kennysheep_decorative_pillar,
          kennysheep_cross_room, hangedman_decor_lopped,
          minmay_chambers_of_fives, uniq_duvessa, uniq_grinder,
          uniq_crazy_yiuf_cottage
D:9:      layout_basic, erik_lair_island, orc_0_dummy, serial_shops,
          shop_statue, uniq_maurice

Skill      XL: |  1  2  3  4  5  6  7  8  9 |
---------------+----------------------------+-----
Conjurations   | 1 2 3 |  3.0
Spellcasting   | 2 3 4 6 7 |  7.5
Air Magic      | 3 4 5 7 8 |  8.6
Fighting       | 1 2 3 4 5 |  5.4
Necromancy     | 1 2 3 |  3.0
Dodging        | |  1.7
Stealth        | |  1.7

Action                   |  1- 3 |  4- 6 |  7- 9 || total
-------------------------+-------+-------+-------++-------
Melee: Dagger            |     4 |     6 |       ||    10
       Short sword       |     3 |       |       ||     3
       Flail             |       |       |    15 ||    15
 Cast: Shock             |    83 |   110 |   114 ||   307
       Airstrike         |       |       |   102 ||   102
  Use: Scroll            |       |       |     7 ||     7
 Stab: Sleeping          |       |     1 |       ||     1
Armor: Robe              |     6 |     3 |     6 ||    15
Dodge: Dodged            |    15 |    21 |    47 ||    83

Table legend: (Time is in decaauts)
 A = Elapsed time spent in this place.
 B = Non-inter-level travel time spent in this place.
 C = Inter-level travel time spent in this place.
 D = Time resting spent in this place.
 E = Time spent auto-exploring this place.
 F = Levels seen in this place.
 G = Mean time per level.
                   A        B        C        D        E       F      G
               +--------+--------+--------+--------+--------+-----+--------+
         Total |   8386 |   8150 |    236 |    189 |   6975 |   7 | 1198.0 |
       Dungeon |   8386 |   8150 |    236 |    189 |   6975 |   7 | 1198.0 |
               +--------+--------+--------+--------+--------+-----+--------+

Top non-repeatable levels by time:
     D:5: 1932 daAuts
     D:4: 1755 daAuts
     D:2: 1209 daAuts
     D:3: 1106 daAuts
     D:1: 982 daAuts
     D:6: 835 daAuts
     D:9: 565 daAuts
